Map: [ESL] Data-C

Players

TIME (Oliveira) - Winner!

  • Race: Terran Terran

夜蝶蝶蝶蝶蝶蝶蝶 (Firefly)

  • Race: Protoss Protoss

Event: DreamHack SC2 Masters 2022 Atlanta (Online)

VOD

Have the link to the VOD?

Description

Time

  • Played on: Oct. 7, 2022, 7:59 a.m.
  • Length: 7:43

All games in this series

Show
View Real Time Build Order
Export as new Build Order

TIME Terran - Winner!

Build Orders:  

Get SALT Encoding   

  12  0:00  SCV  
  13  0:12  SCV  
  14  0:17  Supply Depot  
  14  0:24  SCV  
  15  0:39  SCV  
  15  0:40  Barracks  
  16  0:46  Refinery  
  16  0:51  SCV  
  16  0:54  Refinery  
  17  1:03  SCV  
  18  1:15  SCV  
  19  1:28  Reaper, Orbital Command  
  19  1:29  Supply Depot  
  20  1:44  Factory  
  20  1:53  SCV  
  21  2:01  Barracks Reactor  
  21  2:06  SCV  
  22  2:17  Command Center  
  22  2:18  SCV  
  23  2:33  SCV  
  23  2:35  Starport  
  24  2:37  Widow Mine  
  24  2:43  Supply Depot  
  26  2:45  SCV  
  26  2:47  Marine x2  
  29  2:57  SCV  
  30  3:05  Widow Mine, Marine x2  
  34  3:11  Medivac  
  36  3:14  SCV  
  37  3:23  Marine x2  
  37  3:27  Factory Tech Lab  
  39  3:30  Orbital Command  
  39  3:32  SCV  
  40  3:40  Marine  
  40  3:41  Marine  
  42  3:43  Starport Tech Lab  
  42  3:45  Siege Tank  
  42  3:47  Supply Depot  
  45  3:49  SCV  
  46  3:58  Marine x2  
  46  4:00  SCV  
  46  4:01  SCV  
  49  4:13  SCV x2, Raven  
  49  4:16  Marine x2  
  55  4:21  Supply Depot  
  55  4:25  SCV x2  
  55  4:29  Barracks  
  57  4:33  Barracks  
  57  4:36  Siege Tank  
  57  4:37  SCV  
  57  4:38  SCV  
  62  4:44  Engineering Bay  
  62  4:45  Marine x2  
  64  4:49  SCV  
  64  4:50  SCV, Refinery  
  66  4:53  Supply Depot  
  66  5:03  SCV x2  
  66  5:04  Marine  
  66  5:05  Marine  
  70  5:13  Terran Infantry Weapons Level 1  
  70  5:15  Supply Depot, SCV x2  
  69  5:27  SCV x2  
  69  5:28  Starport Reactor, Marine  
  67  5:29  Stimpack, Factory Reactor  
  67  5:33  Marauder x2, Marine  
  68  5:39  SCV x2  
  68  5:45  Marine  
  68  5:47  Combat Shield  
  66  5:51  SCV x2, Marine  
  66  5:54  Marauder  
  66  5:55  Marine  
  68  6:03  SCV, Marine  
  68  6:04  SCV  
  71  6:09  Marine  
  72  6:11  Medivac  
  72  6:14  Marauder  
  72  6:15  SCV, Marine  
  78  6:23  Supply Depot, SCV  
  78  6:25  Medivac  
  80  6:28  Marine x2  
  80  6:30  Widow Mine  
  80  6:32  Widow Mine  
  86  6:33  SCV  
  86  6:34  Marauder  
  86  6:35  SCV, Marauder  
  86  6:36  Refinery  
  86  6:37  Supply Depot  
  92  6:45  SCV  
  92  6:46  Supply Depot, Marine x2  
  95  6:49  SCV  
  95  6:50  Medivac  
  98  6:55  Marauder  
  98  6:57  SCV  
  98  6:59  Widow Mine x2  
  98  7:01  SCV  
  106  7:05  Supply Depot  
  106  7:06  Marine x2  
  108  7:09  Marauder  
  110  7:17  SCV  
  110  7:22  Marine  
  108  7:24  Marine  
Show
View Real Time Build Order
Export as new Build Order

夜蝶蝶蝶蝶蝶蝶蝶 Protoss 

Build Orders: 1 Gate Expand, Blink Stalkers 

Get SALT Encoding   

  12  0:00  Probe  
  13  0:12  Probe  
  14  0:17  Pylon  
  14  0:24  Probe  
  15  0:35  Gateway  
  15  0:37  Probe (Chrono Boost)  
  16  0:47  Probe (Chrono Boost), Assimilator  
  17  0:52  Probe (Chrono Boost)  
  18  1:04  Probe  
  19  1:20  Nexus  
  19  1:30  Cybernetics Core  
  19  1:32  Probe  
  20  1:39  Assimilator  
  20  1:44  Probe  
  21  1:49  Pylon  
  21  1:56  Probe  
  22  2:04  Adept (Chrono Boost)  
  22  2:06  Warp Gate  
  25  2:08  Probe  
  25  2:20  Probe  
  26  2:24  Stalker (Chrono Boost)  
  26  2:26  Twilight Council  
  28  2:34  Probe  
  29  2:39  Probe  
  30  2:46  Probe  
  30  2:47  Stalker  
  33  2:51  Probe  
  33  2:57  Robotics Facility  
  34  3:00  Probe  
  34  3:03  Probe  
  36  3:14  Probe, Blink (Chrono Boost)  
  36  3:16  Gateway, Probe  
  38  3:29  Shield Battery, Probe  
  38  3:30  Probe  
  40  3:38  Shield Battery  
  40  3:41  Probe  
  40  3:43  Pylon  
  40  3:45  Observer (Chrono Boost), Probe  
  43  3:49  Gateway  
  43  3:54  Probe  
  44  3:58  Probe  
  44  4:01  Stalker  
  47  4:03  Shield Battery  
  47  4:07  Probe  
  48  4:11  Warp Prism  
  51  4:17  Assimilator  
  51  4:19  Pylon  
  51  4:21  Stalker  
  52  4:24  Probe x2  
  54  4:34  Pylon  
  54  4:35  Pylon  
  54  4:37  Stalker  
  56  4:40  Probe  
  56  4:42  Probe  
  56  4:44  Stalker  
  60  4:47  Stalker  
  63  4:53  Observer, Assimilator  
  63  4:54  Probe  
  63  4:55  Probe  
  65  5:09  Stalker x2  
  65  5:10  Stalker  
  71  5:27  Nexus  
  69  5:32  Stalker x2  
  69  5:33  Probe  
  61  5:38  Probe  
  60  5:45  Stalker  
  59  5:57  Adept  
  57  6:08  Probe  
  57  6:09  Probe  
  59  6:11  Robotics Bay  
  59  6:13  Forge  
  59  6:16  Dark Shrine  
  57  6:26  Probe (Chrono Boost)  
  57  6:27  Probe (Chrono Boost)  
  57  6:35  Pylon  
  57  6:36  Probe (Chrono Boost)  
  57  6:37  Probe (Chrono Boost)  
  59  6:40  Pylon  
  59  6:45  Probe (Chrono Boost)  
  61  6:47  Probe x2 (Chrono Boost)  
  62  6:56  Probe (Chrono Boost), Gateway  
  62  6:58  Disruptor (Chrono Boost), Gateway  
  61  7:01  Probe x2 (Chrono Boost)  
  61  7:03  Probe  
  67  7:13  Probe  
  66  7:23  Stalker x3  
Tags
 
Add a new tag
Caveats
  • Supply blocks, unpowered buildings, or Contaminate may cause inaccurate times.
  • Supply counts are checked every 10 seconds.